 Dungeon Sprint DCSS version 0.15-a0-756-g319e367 (webtiles) character file.

333 Froboctopus the Cloud Mage (level 6, -2/32 HPs)
             Began as a Tengu Air Elementalist on May 11, 2014.
             Was an Elder of Qazlal.
             Splashed by a jelly's acid (11 damage)
             ... in the Dungeon (Sprint VII: "The Pits").
             The game lasted 00:05:13 (791 turns).

Froboctopus the Cloud Mage (Tengu Air Elementalist)  Turns: 791, Time: 00:05:14

HP  -2/32        AC  1     Str  9      XL: 6   Next: 53%
MP   0/19        EV 12     Int 10 (17) God: Qazlal [****..]
Gold 0           SH 10     Dex 14      Spells:  5 memorised,  3 levels left

rFire  . . .     SeeInvis .     q - staff of energy
rCold  . . .     Clarity  .     a - -1 robe
rNeg   . . .     Conserve .     (no shield)
rPois  .         rCorr    .     (helmet restricted)
rElec  .         rRot     .     (no cloak)
SustAb . .       Spirit   .     (no gloves)
rMut   .         Warding  .     (boots unavailable)
Gourm  .         NoTele   +     (no amulet)
MR     .....                    (no ring)
                                (no ring)

@: repel missiles, bribing [], not resistant to hostile enchantments, very
unstealthy
A: able to fly, beak, talons 3
a: Fly, Upheaval, Elemental Force, Renounce Religion


You were in the Dungeon.
You worshipped Qazlal.
Qazlal was greatly pleased with you.
You were not hungry.

You visited 1 branch

Inventory:

Hand weapons
 r - a +2,+2 dagger
 s - a +0,+0 dagger of draining
Armour
 a - a -1 robe (worn)
Comestibles
 c - 8 bread rations
 j - 40 strawberries
 k - 7 meat rations
Scrolls
 i - a scroll of blinking
 m - 2 scrolls of vulnerability
 n - 3 scrolls of remove curse
 o - 5 scrolls of amnesia
 p - a scroll of summoning
Potions
 d - 6 potions of curing
 e - 6 potions of heal wounds
 f - a potion of haste
 g - 4 potions of magic
 h - 3 potions of berserk rage
 l - a potion of invisibility
Books
 b - a book of Air

   Spells                             Type                      Level
   *Shock                             Conjuration/Air              1
   *Swiftness                         Charms/Air                   2
   *Repel Missiles                    Charms/Air                   2
   Flight                             Charms/Air                   3
   *Static Discharge                  Conjuration/Air              3
   *Lightning Bolt                    Conjuration/Air              5
Magical staves
 q - an uncursed staff of energy (weapon)


   Skills:
 - Level 2.1 Dodging
 - Level 2.0 Stealth
 + Level 5.7 Spellcasting
 * Level 10.9 Conjurations
 * Level 11.5 Air Magic


You had 3 spell levels left.
You knew the following spells:

 Your Spells              Type           Power        Failure   Level  Hunger
a - Shock                 Conj/Air       ####         1%          1    None
b - Repel Missiles        Chrm/Air       ##....       3%          2    None
c - Swiftness             Chrm/Air       ##......     3%          2    None
d - Lightning Bolt        Conj/Air       ####......   8%          5    None
e - Static Discharge      Conj/Air       ####....     1%          3    None


Dungeon Overview and Level Annotations

Branches:
Dungeon (1/1)

Altars:
Ashenzari
Cheibriados
Dithmenos
Elyvilon
Fedhas
Gozag
Kikubaaqudgha
Makhleb
Nemelex Xobeh
Okawaru
Qazlal
Sif Muna
Trog
Vehumet
Xom
Yredelemnul
Zin
The Shining One
Beogh
Jiyva
Lugonu


Innate Abilities, Weirdness & Mutations

You can fly.
You have a beak for a mouth.
You have claws for feet.


Message History

Press: ? - help, Shift-Dir - straight line, p - jelly You block the jelly's attack.
Unknown command.
Casting: Shock
Confirm with . or Enter, or press ? or * to list all spells.
Aiming: Shock
Press: ? - help, Shift-Dir - straight line The zap hits the jelly.
The jelly is severely wounded.
The jelly closely misses you.
Casting: Shock
Confirm with . or Enter, or press ? or * to list all spells.
Aiming: Shock
Press: ? - help, Shift-Dir - straight line The zap hits the jelly.
The jelly is severely wounded.
The jelly hits you.
* * * LOW HITPOINT WARNING * * *
You are splashed with acid!
The acid corrodes your +0 robe!
The acid burns!
You die...

############
#__________#
#______.___#
#.#####'#############
#_#)).'.'..##.........
#_#)))#.#.(##......#..#
#######'#####..........
#...JJ@.....'..........
#'#####'#####......#..#
#.#..#..#..##..........
#.#..'..#))#####'#####+
#.#.§####))##.......#
#.#.)#..#.)##.......#
#.#..#..#[[##.......#
#.##'#..#'###...<...#
#.#...§....##.......#


You could see 2 jellies.

Vanquished Creatures
  Purgy (D)
  3 brain worms (D)
  A white imp (D)
  3 giant mites (D)
  An ooze (D)
  A bat skeleton (D)
  2 jackals (D)
  A kobold (D)
  2 quokkas (D)
  A rat zombie (D)
16 creatures vanquished.

Notes
Turn   | Place    | Note
--------------------------------------------------------------
     0 | D        | Froboctopus, the Tengu Air Elementalist, began the quest for the Orb.
     0 | D        | Reached XP level 1. HP: 10/10 MP: 3/3
    68 | D        | Found a shadowy altar of Dithmenos.
    68 | D        | Found a bloodstained altar of Trog.
    68 | D        | Found a deep blue altar of Sif Muna.
    68 | D        | Found a shimmering altar of Xom.
    68 | D        | Found a sparkling altar of Nemelex Xobeh.
    68 | D        | Found a corrupted altar of Lugonu.
    68 | D        | Found a viscous altar of Jiyva.
    69 | D        | Found a basalt altar of Yredelemnul.
    69 | D        | Found a glowing golden altar of the Shining One.
    69 | D        | Found a shattered altar of Ashenzari.
    69 | D        | Found a white marble altar of Elyvilon.
    69 | D        | Found a snail-covered altar of Cheibriados.
    69 | D        | Found a blossoming altar of Fedhas.
    69 | D        | Found a radiant altar of Vehumet.
    69 | D        | Found a burning altar of Makhleb.
    69 | D        | Found an ancient bone altar of Kikubaaqudgha.
    69 | D        | Found a glowing silver altar of Zin.
    69 | D        | Found a roughly hewn altar of Beogh.
    69 | D        | Found an iron altar of Okawaru.
    74 | D        | Found a stormy altar of Qazlal.
    74 | D        | Found an opulent altar of Gozag.
    77 | D        | Became a worshipper of Qazlal Stormbringer
    93 | D        | Noticed a brain worm
   104 | D        | Killed a brain worm
   104 | D        | Reached skill level 6 in Conjurations
   104 | D        | Reached skill level 7 in Air Magic
   104 | D        | Reached XP level 2. HP: 7/15 MP: 0/7
   104 | D        | Reached XP level 3. HP: 8/19 MP: 0/9
   104 | D        | Reached XP level 4. HP: 10/24 MP: 0/11
   278 | D        | Noticed a brain worm
   278 | D        | Noticed a brain worm
   289 | D        | Killed a brain worm
   289 | D        | Acquired Qazlal's first power
   289 | D        | Reached skill level 8 in Conjurations
   289 | D        | Reached skill level 9 in Air Magic
   289 | D        | Reached XP level 5. HP: 23/28 MP: 6/15
   291 | D        | Killed a brain worm
   291 | D        | Reached skill level 5 in Spellcasting
   291 | D        | Reached skill level 10 in Air Magic
   412 | D        | Learned a level 2 spell: Repel Missiles
   415 | D        | Learned a level 2 spell: Swiftness
   421 | D        | Learned a level 5 spell: Lightning Bolt
   425 | D        | Learned a level 3 spell: Static Discharge
   435 | D        | Acquired Qazlal's second power
   435 | D        | Reached XP level 6. HP: 26/32 MP: 15/18
   638 | D        | Acquired Qazlal's third power
   756 | D        | Noticed Purgy
   761 | D        | Noticed a jelly
   777 | D        | Killed Purgy
   777 | D        | Acquired Qazlal's fourth power
   777 | D        | Reached skill level 10 in Conjurations
   777 | D        | Reached skill level 11 in Air Magic
   791 | D        | Splashed by a jelly's acid

Action                   |  1- 3 |  4- 6 || total
-------------------------+-------+-------++-------
Melee: Dagger            |     6 |     1 ||     7
       Staff             |       |     7 ||     7
 Cast: Shock             |     5 |    29 ||    34
       Static Discharge  |       |     3 ||     3
       Lightning Bolt    |       |     1 ||     1
